 Dungeon Crawl Stone Soup version 0.18.1-48-g4cf74bf (webtiles) character file.

133 nikopol the Chopper (level 5, -5/70 HPs)
             Began as a Hill Orc Berserker on June 28, 2016.
             Was a Believer of Trog.
             Slain by a yak (9 damage)
             ... on level 4 of the Dungeon.
             The game lasted 00:08:30 (2544 turns).

nikopol the Chopper (Hill Orc Berserker)            Turns: 2544, Time: 00:08:31

Health: -5/70      AC:  9    Str: 25    XL:     5   Next: 16%
Magic:  5/5        EV:  9    Int:  7    God:    Trog [**....]
Gold:   145        SH:  0    Dex: 11    Spells: 0 memorised, 4 levels left

rFire  . . .     SeeInvis .     a - +0 hand axe
rCold  . . .     Gourm    .     m - +0 chain mail
rNeg   . . .     Faith    .     (no shield)
rPois  .         Spirit   .     (no helmet)
rElec  .         Dismiss  .     (no cloak)
rCorr  .         Reflect  .     (no gloves)
SustAt .         Harm     .     (no boots)
MR     .....                    (no amulet)
Stlth  ..........               (no ring)
                                (no ring)

@: berserking (expiring), very quick, not resistant to hostile enchantments,
extremely unstealthy
A: no striking features
a: Berserk, Trog's Hand, Burn Spellbooks, Renounce Religion


You were on level 4 of the Dungeon.
You worshipped Trog.
Trog was pleased with you.
You were hungry.

You visited 1 branch of the dungeon, and saw 4 of its levels.

You collected 145 gold pieces.

Inventory:

Hand Weapons
 a - a +0 hand axe (weapon)
 s - a +0 shortbow
Armour
 b - a +0 animal skin
 m - a +0 chain mail (worn)
Jewellery
 l - a +6 amulet of reflection {unknown}
 r - an uncursed ring of positive energy {unknown}
Scrolls
 f - a scroll of magic mapping {unknown}
 g - 3 scrolls of identify {unknown}
 h - 4 scrolls of blinking {unknown}
 n - a scroll of immolation {unknown}
 o - a scroll of enchant armour {unknown}
 q - a scroll of fear {unknown}
 t - a scroll of teleportation {unknown}
 u - a scroll of remove curse {unknown}
Potions
 e - a potion of curing {unknown}
 i - a potion of cure mutation {unknown}
 k - a potion of degeneration {unknown}
 v - a potion of brilliance {unknown}
Comestibles
 c - 2 bread rations
 j - 2 meat rations
 p - a fruit


   Skills:
 + Level 4.7 Fighting
 + Level 5.0 Axes
 + Level 3.3 Armour
 + Level 2.4 Dodging


You had 4 spell levels left.
You didn't know any spells.

Dungeon Overview and Level Annotations

Branches:
Dungeon (4/15)
 Temple: D:4-7

Altars:
Elyvilon
Fedhas
Kikubaaqudgha
Makhleb
Nemelex Xobeh
Trog
Vehumet


Message History

You hit the yak.
The yak is moderately wounded.
You hit the yak.
The yak is moderately wounded.
You barely miss the yak.
The yak is moderately wounded.
You slash the yak!
The yak is moderately wounded.
The yak barely misses you. The yak gores you!
* * * LOW HITPOINT WARNING * * *
The yak gores you.
* * * LOW HITPOINT WARNING * * *
You hit the yak.
The yak is moderately wounded.
You closely miss the yak.
The yak is moderately wounded.
You hit the yak.
The yak is heavily wounded.
The yak gores you!
You die...

# . ###
###.# # ...
..#.# #.#
#.##.#.#..
#....... #
#..YYY##....
#@..o....
#.###..##
..# ....
#####


You could see 3 yaks and an orc.

Vanquished Creatures
  3 gnolls (D:3)
  3 adders (D:2)
  An ooze (D:3)
  3 worms
  3 dart slugs
  3 giant geckos
  A ball python (D:2)
  10 bats
  10 hobgoblins
  5 kobolds
  A quokka (D:2)
  2 giant newts
  7 goblins
  5 rats
57 creatures vanquished.

Notes
Turn   | Place    | Note
--------------------------------------------------------------
     0 | D:1      | nikopol the Hill Orc Berserker began the quest for the Orb.
     0 | D:1      | Reached XP level 1. HP: 19/19 MP: 1/1
   237 | D:1      | Reached XP level 2. HP: 25/27 MP: 2/2
   644 | D:1      | Reached XP level 3. HP: 33/33 MP: 3/3
   788 | D:1      | Reached ** piety under Trog
   968 | D:2      | Found a blossoming altar of Fedhas.
  1003 | D:2      | Found a white marble altar of Elyvilon.
  1048 | D:2      | Found a radiant altar of Vehumet.
  1122 | D:2      | Reached XP level 4. HP: 41/41 MP: 4/4
  1743 | D:3      | Found a sparkling altar of Nemelex Xobeh.
  1749 | D:3      | Found an ancient bone altar of Kikubaaqudgha.
  1749 | D:3      | Found a bloodstained altar of Trog.
  1753 | D:3      | Found a burning altar of Makhleb.
  2176 | D:3      | Reached XP level 5. HP: 42/47 MP: 5/5
  2184 | D:3      | Reached skill level 5 in Axes
  2535 | D:4      | Noticed a yak
  2535 | D:4      | Noticed a yak
  2535 | D:4      | Noticed a yak
  2544 | D:4      | Slain by a yak

Skill      XL: |  1  2  3  4  5 |
---------------+----------------+-----
Fighting       | 4 |  4.7
Dodging        | 2 |  2.4
Armour         | 3 |  3.3
Axes           | 5 |  5.0

Action                   |  1- 3 |  4- 6 || total
-------------------------+-------+-------++-------
Melee: Hand axe          |   106 |   129 ||   235
Invok: Berserk           |       |     1 ||     1
  Eat: Chunk             |     1 |     4 ||     5
Armor: Animal skin       |    23 |       ||    23
       Chain mail        |    18 |    66 ||    84
Dodge: Dodged            |    80 |    62 ||   142
